Blue Jackets vs Flyers
(R1)
Created - 7 mars 2014 at 19:41
Goals
|
| Blue Jackets |
0 |
1 |
1 |
2 |
| Flyers |
2 |
2 |
2 |
6 |
|
Shots
|
| Blue Jackets |
11 |
13 |
11 |
35 |
| Flyers |
13 |
11 |
6 |
30 |
|
1st period
1. Flyers , Michael Ryder 16 (Ryane Clowe) at 7:26
2. Flyers , Alex Tanguay 27 (Martin St. Louis, Sydney Crosby) at 11:03
Penalties :
Branislav Mezei (Clb) for Tripping (Minor) at 7:31, Marc Savard (Clb) for Hooking (Minor) at 19:42
2nd period
3. Flyers , Jonathan Ericsson 7 (Sydney Crosby, Chris Pronger) at 6:31 (PP)
4. Blue Jackets , Branislav Mezei 5 (Kevin Bieksa) at 6:44
5. Flyers , Alex Tanguay 28 (Sydney Crosby, Martin St. Louis) at 16:09
Penalties :
David Booth (Clb) for Hooking (Minor) at 6:19, Kevin Bieksa (Clb) for Elbowing (Minor) at 9:36
3rd period
6. Blue Jackets , Marc Savard 39 (Pavel Bure, David Booth) at 1:46 (PP)
7. Flyers , Alex Tanguay 29 (Cory Sarich) at 5:31
8. Flyers , Scottie Upshall 16 (Jeff O'Neill, Cory Sarich) at 10:10
Penalties :
Sydney Crosby (Phi) for Fighting (Major) at 1:36, Branislav Mezei (Clb) for Fighting (Major) at 1:36, Sydney Crosby (Phi) for instigated a fight (Minor) at 1:36, Sydney Crosby (Phi) for instigated a fight (10 Minutes Misconduct) at 1:36, Olli Jokinen (Phi) for Fighting (Major) at 10:13, Wade Redden (Clb) for Fighting (Major) at 10:13, Chris Pronger (Phi) for Unsportsmanlike conduct (Major / Game Misconduct) at 10:32, Dave Steckel (Clb) for Tripping (Minor) at 15:55
Goalie Stats
Miika Kiprusoff (Clb), 24 saves from 30 shots - (0,800), L, 28-19-4, 60:00 minutes
Mathieu Garon (Phi), 33 saves from 35 shots - (0,943), W, 7-10-0, 60:00 minutes
Players Stats for Blue Jackets
Player Name G A P +/- PIM S H SB GA TA FO MP PP MP PK MP
------------------------------------------------------------------------------------
Adam Deadmarsh 0 0 0 0 0 0 3 0 0 0 0/0 8:20 1:06 0:00
Bates Battaglia 0 0 0 0 0 0 3 0 1 0 0/0 12:52 1:08 1:47
Blake Wheeler 0 0 0 -2 0 1 2 1 0 0 0/2 20:55 2:00 4:12
Brad Stuart 0 0 0 -1 0 1 1 1 1 0 0/0 18:00 2:36 0:33
Branislav Mezei 1 0 1 -2 7 2 0 3 0 1 0/0 22:56 1:34 2:37
Chris Kelly 0 0 0 0 0 2 0 0 1 0 6/6 14:00 2:00 2:09
Dave Steckel 0 0 0 0 2 0 2 0 1 0 0/1 9:15 1:06 0:36
David Booth 0 1 1 -2 2 1 1 1 1 0 4/5 16:03 2:01 0:00
Derek Morris 0 0 0 -1 0 3 0 1 0 1 0/0 18:53 1:31 3:11
Greg De Vries 0 0 0 -1 0 0 2 3 1 0 0/0 16:47 0:49 2:21
Jan Bulis 0 0 0 -2 0 7 2 0 0 0 1/8 19:02 2:00 2:09
Jason Ward 0 0 0 0 0 2 1 0 1 0 0/0 10:35 0:49 0:00
Kevin Bieksa 0 1 1 -2 2 5 2 0 1 3 0/0 25:39 2:49 2:54
Marc Savard 1 0 1 -2 2 1 0 0 0 0 14/32 19:54 2:03 3:14
Marcus Nilson 0 0 0 -2 0 2 1 0 0 0 0/0 15:00 0:00 0:00
Pavel Bure 0 1 1 -2 0 7 2 0 0 0 2/2 19:12 2:03 2:09
Tomas Kurka 0 0 0 0 0 1 0 0 0 0 0/0 7:10 0:00 0:00
Wade Redden 0 0 0 -1 5 0 0 2 1 0 0/0 17:12 0:10 4:40
Players Stats for Flyers
Player Name G A P +/- PIM S H SB GA TA FO MP PP MP PK MP
------------------------------------------------------------------------------------
Alex Tanguay 3 0 3 2 0 5 3 0 0 2 2/3 21:53 4:19 1:57
Blair Betts 0 0 0 0 0 3 0 1 1 0 5/6 13:06 0:20 2:12
Chris Pronger 0 1 1 0 15 2 2 3 0 1 0/0 22:00 3:45 0:10
Cory Sarich 0 2 2 2 0 1 1 1 0 0 0/0 15:28 1:02 1:55
David Vyborny 0 0 0 0 0 2 1 0 0 0 0/0 9:57 0:08 1:07
Jeff O'Neill 0 1 1 1 0 0 2 0 0 0 2/4 12:55 0:00 1:27
Jonathan Ericsson 1 0 1 0 0 4 2 0 2 1 0/0 26:04 4:47 2:26
Justin Williams 0 0 0 1 0 1 0 1 0 0 0/0 11:33 0:00 0:00
Mark Giordano 0 0 0 2 0 1 2 0 0 1 0/0 20:30 3:21 1:58
Martin St. Louis 0 2 2 2 0 1 3 0 0 0 0/1 20:13 4:31 0:00
Michael Ryder 1 0 1 1 0 5 2 0 1 0 0/1 15:28 3:29 1:06
Mike Lundin 0 0 0 2 0 0 1 0 0 0 0/0 21:01 3:21 1:36
Olli Jokinen 0 0 0 2 5 0 1 0 0 0 10/18 16:43 3:29 0:18
Ryane Clowe 0 1 1 1 0 1 1 0 0 1 0/0 16:06 3:29 1:51
Scott Hannan 0 0 0 2 0 1 2 0 0 1 0/0 13:50 0:00 1:07
Scottie Upshall 1 0 1 1 0 2 0 0 0 0 0/0 12:17 0:20 0:15
Steve Regier 0 0 0 0 0 0 2 0 0 1 0/0 8:31 0:00 0:00
Sydney Crosby 0 3 3 1 17 1 0 0 1 1 10/23 17:31 4:19 1:29
3 Stars
1 - Alex Tanguay (Phi)
2 - Martin St. Louis (Phi)
3 - Cory Sarich (Phi)
Power Play
Blue Jackets - 1 on 2 Attempt(s) - 50,00%
Flyers - 1 on 5 Attempt(s) - 20,00%
Penalty Kill
Blue Jackets - 4 on 5 Attempt(s) - 80,00%
- Score 0 goal in Penalty Kill
Flyers - 1 on 2 Attempt(s) - 50,00%
- Score 0 goal in Penalty Kill
Official
Referees : Walkom Stephen and Banfield David
Linesman : Bryan Pancich and Thor Nelson
Game Notes
Branislav Mezei beats up Sydney Crosby at 1:36 of 3rd period
Alex Tanguay has scored a Hat Trick!
Olli Jokinen beats up Wade Redden at 10:13 of 3rd period
Chris Pronger ejected from game at 10:32 of 3rd period
Finance
Level 1 -- Attendance: 5775 (96,25%) -- Ticket Income 490 875 $
Level 2 -- Attendance: 4856 (97,12%) -- Ticket Income 242 800 $
Level 3 -- Attendance: 1722 (86,10%) -- Ticket Income 51 660 $
Level 4 -- Attendance: 2872 (71,80%) -- Ticket Income 57 440 $
Luxury Box -- Attendance: 876 (87,60%) -- Ticket Income 144 540 $
Game was played at the Wells Fargo Center
Total Attendance: 16101 (89,45%)
Total Ticket Income: 987 315 $
Other Income: 148 097 $
Total Income: 1 135 412 $
Blue Jackets
5 vs 5 Forward
Center Left Wing Right Wing Time % Phy DF OF
1 Marc Savard David Booth Blake Wheeler 40 1 2 2
2 Jan Bulis Marcus Nilson Pavel Bure 35 1 2 2
3 Chris Kelly Bates Battaglia Jason Ward 20 0 2 2
4 Dave Steckel Tomas Kurka Adam Deadmarsh 5 1 2 2
5 vs 5 Defense
Defense Defense Time % Phy DF OF
1 Branislav Mezei Kevin Bieksa 40 1 2 2
2 Wade Redden Brad Stuart 30 1 2 2
3 Derek Morris Greg De Vries 20 1 2 2
4 Branislav Mezei Kevin Bieksa 10 1 2 2
PowerPlay Forward
Center Left Wing Right Wing Time % Phy DF OF
1 Marc Savard David Booth Pavel Bure 60 1 2 2
2 Jan Bulis Chris Kelly Blake Wheeler 40 1 2 2
PowerPlay Defense
Defense Defense Time % Phy DF OF
1 Wade Redden Kevin Bieksa 60 1 2 2
2 Branislav Mezei Derek Morris 40 1 2 2
Penalty Kill 4 Players Forward
Center Wing Time % Phy DF OF
1 Marc Savard Blake Wheeler 60 1 2 2
2 Jan Bulis Pavel Bure 40 1 2 2
Penalty Kill 4 Players Defense
Defense Defense Time % Phy DF OF
1 Wade Redden Kevin Bieksa 60 1 2 2
2 Branislav Mezei Derek Morris 40 1 2 2
Penalty Kill - 3 Players Forward
Forward Time % Phy DF OF
1 Jan Bulis 60 1 2 2
2 Chris Kelly 40 1 2 2
Penalty Kill - 3 Players Defense
Defense Defense Time % Phy DF OF
1 Wade Redden Kevin Bieksa 60 1 2 2
2 Branislav Mezei Derek Morris 40 1 2 2
4 vs 4 Forward
Center Wing Time % Phy DF OF
1 Marc Savard David Booth 60 1 2 2
2 Jan Bulis Marcus Nilson 40 1 2 2
4 vs 4 Defense
Defense Defense Time % Phy DF OF
1 Wade Redden Kevin Bieksa 60 1 2 2
2 Branislav Mezei Derek Morris 40 1 2 2
Last Minutes Offensive
Center Left Wing Right Wing Defense Defense
Marc Savard David Booth Pavel Bure Wade Redden Kevin Bieksa
Last Minutes Defensive
Center Left Wing Right Wing Defense Defense
Marc Savard David Booth Pavel Bure Wade Redden Kevin Bieksa
Goaltenders
Starting : Miika Kiprusoff
Backup : Jaroslav Halak
Extra Forwards
Normal : Chris Kelly, Marc Savard, David Booth - PP : Chris Kelly, Pavel Bure - PK : Blake Wheeler
Extra Defensemen
Normal : Brad Stuart, Greg De Vries, Branislav Mezei - PP : Brad Stuart - PK : Greg De Vries, Branislav Mezei
Penalty Shots
Marc Savard, Pavel Bure, David Booth, Jan Bulis, Chris Kelly
Flyers
5 vs 5 Forward
Center Left Wing Right Wing Time % Phy DF OF
1 Sydney Crosby Alex Tanguay Martin St. Louis 40 1 2 2
2 Olli Jokinen Ryane Clowe Michael Ryder 30 1 2 2
3 Jeff O'Neill Scottie Upshall Justin Williams 20 1 2 2
4 Blair Betts Steve Regier David Vyborny 10 1 3 1
5 vs 5 Defense
Defense Defense Time % Phy DF OF
1 Chris Pronger Jonathan Ericsson 40 1 2 2
2 Mike Lundin Mark Giordano 30 1 2 2
3 Cory Sarich Scott Hannan 20 1 2 2
4 Chris Pronger Jonathan Ericsson 10 1 2 2
PowerPlay Forward
Center Left Wing Right Wing Time % Phy DF OF
1 Sydney Crosby Alex Tanguay Martin St. Louis 60 0 1 4
2 Olli Jokinen Ryane Clowe Michael Ryder 40 0 1 4
PowerPlay Defense
Defense Defense Time % Phy DF OF
1 Chris Pronger Jonathan Ericsson 60 0 1 4
2 Mark Giordano Mike Lundin 40 0 1 4
Penalty Kill 4 Players Forward
Center Wing Time % Phy DF OF
1 Sydney Crosby Alex Tanguay 60 0 4 1
2 Olli Jokinen Michael Ryder 40 0 4 1
Penalty Kill 4 Players Defense
Defense Defense Time % Phy DF OF
1 Chris Pronger Jonathan Ericsson 60 0 4 1
2 Cory Sarich Mike Lundin 40 0 4 1
Penalty Kill - 3 Players Forward
Forward Time % Phy DF OF
1 Sydney Crosby 60 0 4 1
2 Olli Jokinen 40 0 4 1
Penalty Kill - 3 Players Defense
Defense Defense Time % Phy DF OF
1 Chris Pronger Jonathan Ericsson 60 0 4 1
2 Cory Sarich Mike Lundin 40 0 4 1
4 vs 4 Forward
Center Wing Time % Phy DF OF
1 Sydney Crosby Martin St. Louis 60 1 2 2
2 Olli Jokinen Alex Tanguay 40 1 2 2
4 vs 4 Defense
Defense Defense Time % Phy DF OF
1 Chris Pronger Jonathan Ericsson 60 1 2 2
2 Mark Giordano Mike Lundin 40 1 2 2
Last Minutes Offensive
Center Left Wing Right Wing Defense Defense
Sydney Crosby Alex Tanguay Martin St. Louis Chris Pronger Jonathan Ericsson
Last Minutes Defensive
Center Left Wing Right Wing Defense Defense
Sydney Crosby Alex Tanguay Martin St. Louis Cory Sarich Jonathan Ericsson
Goaltenders
Starting : Mathieu Garon
Backup : Chris Mason
Extra Forwards
Normal : Sydney Crosby, Olli Jokinen, Martin St. Louis - PP : Sydney Crosby, Olli Jokinen - PK : Sydney Crosby
Extra Defensemen
Normal : Chris Pronger, Jonathan Ericsson, Mike Lundin - PP : Chris Pronger - PK : Jonathan Ericsson, Cory Sarich
Penalty Shots
Sydney Crosby, Olli Jokinen, Martin St. Louis, Alex Tanguay, Michael Ryder
% Time on Ice - Blue Jackets
Lines # - Real PCT - Wanted PCT - Time Play
Normal Forward
1 - 32% - 40% - 14:47
2 - 32% - 35% - 15:00
3 - 21% - 20% - 9:46
4 - 15% - 5% - 7:10
Normal Defense
1 - 38% - 40% - 17:57
2 - 31% - 30% - 14:31
3 - 26% - 20% - 11:56
4 - 5% - 10% - 2:19
PP Forward
1 - 61% - 60% - 3:09
2 - 39% - 40% - 2:00
PP Defense
1 - 80% - 60% - 4:06
2 - 20% - 40% - 1:03
PK Forward
1 - 74% - 60% - 5:59
2 - 26% - 40% - 2:09
PK Defense
1 - 57% - 60% - 4:40
2 - 43% - 40% - 3:28
PK3 Forward
1 - 0% - 60%
2 - 0% - 40%
PK3 Defense
1 - 0% - 60%
2 - 0% - 40%
44 Forward
1 - 0% - 60%
2 - 0% - 40%
44 Defense
1 - 0% - 60%
2 - 0% - 40%
Last Minute Offensive - 0:00
Last Minute Defensive - 0:00
Total
Forward - 60:00
Defense - 60:00
|
% Time on Ice - Flyers
Lines # - Real PCT - Wanted PCT - Time Play
Normal Forward
1 - 34% - 40% - 15:51
2 - 23% - 30% - 10:53
3 - 25% - 20% - 11:28
4 - 18% - 10% - 8:31
Normal Defense
1 - 40% - 40% - 18:45
2 - 31% - 30% - 14:41
3 - 25% - 20% - 11:48
4 - 3% - 10% - 1:29
PP Forward
1 - 57% - 60% - 4:39
2 - 43% - 40% - 3:29
PP Defense
1 - 62% - 60% - 5:02
2 - 38% - 40% - 3:06
PK Forward
1 - 79% - 60% - 4:03
2 - 21% - 40% - 1:06
PK Defense
1 - 100% - 60% - 5:09
2 - 0% - 40% - 0:00
PK3 Forward
1 - 0% - 60%
2 - 0% - 40%
PK3 Defense
1 - 0% - 60%
2 - 0% - 40%
44 Forward
1 - 0% - 60%
2 - 0% - 40%
44 Defense
1 - 0% - 60%
2 - 0% - 40%
Last Minute Offensive - 0:00
Last Minute Defensive - 0:00
Total
Forward - 60:00
Defense - 60:00
|
Play by Play
1st period
0:01 of 1st period - Marc Savard wins face-off versus Sydney Crosby in neutral zone.
0:26 of 1st period - Chris Pronger is hit by Pavel Bure and loses puck.
0:35 of 1st period - Snap shot by Jan Bulis.
0:35 of 1st period - Shot Blocked by Chris Pronger.
0:37 of 1st period - Slapshot by Brad Stuart.
0:37 of 1st period - Stopped by Mathieu Garon with a rebound.
0:39 of 1st period - Wrist shot by Pavel Bure.
0:39 of 1st period - Stopped by Mathieu Garon without a rebound.
0:40 of 1st period - Chris Kelly wins face-off versus Jeff O'Neill in Flyers zone.
1:05 of 1st period - Greg De Vries is hit by Mark Giordano and loses puck.
1:12 of 1st period - Slapshot by Cory Sarich.
1:12 of 1st period - Stopped by Miika Kiprusoff with a rebound.
1:14 of 1st period - Slapshot by Scott Hannan.
1:14 of 1st period - Shot Blocked by Greg De Vries.
1:32 of 1st period - Wrist shot by Marc Savard.
1:32 of 1st period - Shot Misses the Net.
1:34 of 1st period - Slapshot by Derek Morris.
1:34 of 1st period - Stopped by Mathieu Garon with a rebound.
1:36 of 1st period - Slapshot by Blake Wheeler.
1:36 of 1st period - Shot Misses the Net.
2:17 of 1st period - Jonathan Ericsson is hit by Adam Deadmarsh and loses puck.
2:30 of 1st period - Chris Pronger is hit by Dave Steckel and loses puck.
2:49 of 1st period - Wrist shot by Tomas Kurka.
2:49 of 1st period - Stopped by Mathieu Garon without a rebound.
2:50 of 1st period - Jeff O'Neill wins face-off versus Marc Savard in Flyers zone.
3:01 of 1st period - Snap shot by Justin Williams.
3:01 of 1st period - Stopped by Miika Kiprusoff with a rebound.
3:15 of 1st period - Wrist shot by Blair Betts.
3:15 of 1st period - Stopped by Miika Kiprusoff with a rebound.
3:17 of 1st period - Wrist shot by Blair Betts.
3:17 of 1st period - Stopped by Miika Kiprusoff with a rebound.
3:19 of 1st period - Snap shot by Steve Regier.
3:19 of 1st period - Deflect By David Vyborny.
3:19 of 1st period - Stopped by Miika Kiprusoff with a rebound.
3:25 of 1st period - Wrist shot by Blair Betts.
3:25 of 1st period - Shot Blocked by Branislav Mezei.
4:40 of 1st period - Marcus Nilson is hit by Steve Regier and loses puck.
5:01 of 1st period - Off-side.
5:02 of 1st period - Olli Jokinen wins face-off versus Marc Savard in neutral zone.
5:35 of 1st period - Slapshot by Chris Kelly.
5:35 of 1st period - Stopped by Mathieu Garon without a rebound.
5:36 of 1st period - Marc Savard wins face-off versus Martin St. Louis in Flyers zone.
5:49 of 1st period - Wrist shot by David Booth.
5:49 of 1st period - Stopped by Mathieu Garon with a rebound.
6:07 of 1st period - Brad Stuart is hit by Chris Pronger and loses puck.
6:16 of 1st period - Snap shot by Michael Ryder.
6:16 of 1st period - Shot Misses the Net.
7:10 of 1st period - Mike Lundin is hit by Blake Wheeler and loses puck.
7:14 of 1st period - Icing by Mike Lundin.
7:15 of 1st period - Jan Bulis wins face-off versus Olli Jokinen in Flyers zone.
7:16 of 1st period - Slapshot by Pavel Bure.
7:16 of 1st period - Stopped by Mathieu Garon with a rebound.
7:26 of 1st period - Snap shot by Michael Ryder.
7:26 of 1st period - Goal by Michael Ryder - Blue Jackets : 0 - Flyers : 1.
7:27 of 1st period - Sydney Crosby wins face-off versus Marc Savard in neutral zone.
7:31 of 1st period - Minor Penalty to Branislav Mezei for Tripping.
7:32 of 1st period - Marc Savard wins face-off versus Sydney Crosby in Blue Jackets zone.
7:44 of 1st period - Snap shot by Sydney Crosby.
7:44 of 1st period - Stopped by Miika Kiprusoff with a rebound.
8:06 of 1st period - Wrist shot by Ryane Clowe.
8:06 of 1st period - Stopped by Miika Kiprusoff with a rebound.
8:08 of 1st period - Snap shot by Chris Pronger.
8:08 of 1st period - Shot Blocked by Wade Redden.
8:18 of 1st period - Alex Tanguay is hit by Kevin Bieksa and loses puck.
9:31 of 1st period - Penalty to Branislav Mezei is over, Branislav Mezei is back on ice.
9:35 of 1st period - Greg De Vries is hit by Mike Lundin and loses puck.
10:23 of 1st period - Wrist shot by Bates Battaglia.
10:23 of 1st period - Shot Misses the Net.
10:26 of 1st period - Icing by Mike Lundin.
10:27 of 1st period - Jeff O'Neill wins face-off versus Jan Bulis in Flyers zone.
10:38 of 1st period - Mike Lundin is hit by Kevin Bieksa.
10:55 of 1st period - Icing by Martin St. Louis.
10:56 of 1st period - Alex Tanguay wins face-off versus Marc Savard in Flyers zone.
11:01 of 1st period - Snap shot by Martin St. Louis.
11:01 of 1st period - Stopped by Miika Kiprusoff with a rebound.
11:03 of 1st period - Snap shot by Alex Tanguay.
11:03 of 1st period - Goal by Alex Tanguay - Blue Jackets : 0 - Flyers : 2.
11:04 of 1st period - Marc Savard wins face-off versus Sydney Crosby in neutral zone.
11:18 of 1st period - Blake Wheeler is hit by Chris Pronger and loses puck.
11:29 of 1st period - Pavel Bure is hit by Michael Ryder and loses puck.
11:56 of 1st period - Wrist shot by Blair Betts.
11:56 of 1st period - Stopped by Miika Kiprusoff with a rebound.
12:00 of 1st period - Snap shot by David Vyborny.
12:00 of 1st period - Stopped by Miika Kiprusoff with a rebound.
12:50 of 1st period - Chris Pronger is hit by Greg De Vries and loses puck.
12:59 of 1st period - Slapshot by Jan Bulis.
12:59 of 1st period - Stopped by Mathieu Garon with a rebound.
13:01 of 1st period - Slapshot by Jan Bulis.
13:01 of 1st period - Stopped by Mathieu Garon with a rebound.
13:03 of 1st period - Snap shot by Jan Bulis.
13:03 of 1st period - Stopped by Mathieu Garon without a rebound.
13:04 of 1st period - Marc Savard wins face-off versus Sydney Crosby in Flyers zone.
13:07 of 1st period - Slapshot by Blake Wheeler.
13:07 of 1st period - Shot Misses the Net.
13:13 of 1st period - Snap shot by Sydney Crosby.
13:13 of 1st period - Shot Blocked by Brad Stuart.
13:15 of 1st period - Slapshot by Chris Pronger.
13:15 of 1st period - Stopped by Miika Kiprusoff without a rebound.
13:16 of 1st period - David Booth wins face-off versus Sydney Crosby in Blue Jackets zone.
13:16 of 1st period - David Booth is hit by Alex Tanguay.
15:09 of 1st period - Blake Wheeler is hit by Scott Hannan and loses puck.
15:53 of 1st period - Steve Regier is hit by Bates Battaglia and loses puck.
17:20 of 1st period - Greg De Vries is hit by Steve Regier and loses puck.
17:37 of 1st period - Marcus Nilson is hit by Alex Tanguay and loses puck.
18:59 of 1st period - Pavel Bure is hit by Jonathan Ericsson and loses puck.
19:22 of 1st period - Off-side.
19:23 of 1st period - Blair Betts wins face-off versus Marc Savard in neutral zone.
19:26 of 1st period - Greg De Vries is hit by David Vyborny and loses puck.
19:35 of 1st period - Wrist shot by Blake Wheeler.
19:35 of 1st period - Stopped by Mathieu Garon without a rebound.
19:36 of 1st period - Marc Savard wins face-off versus Sydney Crosby in Flyers zone.
19:42 of 1st period - Minor Penalty to Marc Savard for Hooking.
19:43 of 1st period - Chris Kelly wins face-off versus Sydney Crosby in Blue Jackets zone.
Goals for this period are 0 for Blue Jackets vs 2 for Flyers.
Shots for this period are 11 for Blue Jackets vs 13 for Flyers.
2nd period
0:01 of 2nd period - Sydney Crosby wins face-off versus Blake Wheeler in neutral zone.
1:02 of 2nd period - Mark Giordano is hit by Bates Battaglia and loses puck.
1:42 of 2nd period - Penalty to Marc Savard is over, Marc Savard is back on ice.
2:00 of 2nd period - Blake Wheeler is hit by Jeff O'Neill and loses puck.
2:32 of 2nd period - Dave Steckel is hit by Scott Hannan and loses puck.
2:43 of 2nd period - Dave Steckel is hit by Mark Giordano and loses puck.
3:07 of 2nd period - Michael Ryder is hit by Pavel Bure and loses puck.
3:38 of 2nd period - Jonathan Ericsson is hit by Bates Battaglia and loses puck.
3:55 of 2nd period - Martin St. Louis is hit by Marcus Nilson and loses puck.
4:13 of 2nd period - Steve Regier is hit by Adam Deadmarsh and loses puck.
4:24 of 2nd period - Wrist shot by Scott Hannan.
4:24 of 2nd period - Stopped by Miika Kiprusoff with a rebound.
4:26 of 2nd period - Wrist shot by Michael Ryder.
4:26 of 2nd period - Shot Misses the Net.
4:28 of 2nd period - Slapshot by Michael Ryder.
4:28 of 2nd period - Stopped by Miika Kiprusoff without a rebound.
4:29 of 2nd period - Olli Jokinen wins face-off versus Jan Bulis in Blue Jackets zone.
4:38 of 2nd period - Snap shot by Michael Ryder.
4:38 of 2nd period - Stopped by Miika Kiprusoff without a rebound.
4:39 of 2nd period - Sydney Crosby wins face-off versus Jan Bulis in Blue Jackets zone.
4:44 of 2nd period - Snap shot by Sydney Crosby.
4:44 of 2nd period - Shot Misses the Net.
4:52 of 2nd period - Snap shot by Sydney Crosby.
4:52 of 2nd period - Shot Misses the Net.
4:54 of 2nd period - Snap shot by Martin St. Louis.
4:54 of 2nd period - Shot Misses the Net.
5:05 of 2nd period - Off-side.
5:06 of 2nd period - Olli Jokinen wins face-off versus Marc Savard in neutral zone.
5:09 of 2nd period - Slapshot by Mark Giordano.
5:09 of 2nd period - Stopped by Miika Kiprusoff with a rebound.
5:54 of 2nd period - Slapshot by Scottie Upshall.
5:54 of 2nd period - Stopped by Miika Kiprusoff without a rebound.
5:55 of 2nd period - Marc Savard wins face-off versus Jeff O'Neill in Blue Jackets zone.
6:19 of 2nd period - Minor Penalty to David Booth for Hooking.
6:20 of 2nd period - Sydney Crosby wins face-off versus Marc Savard in Blue Jackets zone.
6:24 of 2nd period - Slapshot by Martin St. Louis.
6:24 of 2nd period - Shot Hit the Post.
6:26 of 2nd period - Slapshot by Chris Pronger.
6:26 of 2nd period - Shot Misses the Net.
6:31 of 2nd period - Slapshot by Jonathan Ericsson.
6:31 of 2nd period - Goal by Jonathan Ericsson - Blue Jackets : 0 - Flyers : 3.
6:32 of 2nd period - Sydney Crosby wins face-off versus Blake Wheeler in neutral zone.
6:40 of 2nd period - Slapshot by Branislav Mezei.
6:40 of 2nd period - Stopped by Mathieu Garon with a rebound.
6:42 of 2nd period - Wrist shot by Kevin Bieksa.
6:42 of 2nd period - Shot Misses the Net.
6:44 of 2nd period - Snap shot by Branislav Mezei.
6:44 of 2nd period - Goal by Branislav Mezei - Blue Jackets : 1 - Flyers : 3.
6:45 of 2nd period - Sydney Crosby wins face-off versus Marc Savard in neutral zone.
6:50 of 2nd period - Snap shot by Sydney Crosby.
6:50 of 2nd period - Shot Blocked by Branislav Mezei.
6:52 of 2nd period - Snap shot by Martin St. Louis.
6:52 of 2nd period - Deflect By Alex Tanguay.
6:52 of 2nd period - Shot Misses the Net.
6:52 of 2nd period - Puck is out of play.
6:53 of 2nd period - Sydney Crosby wins face-off versus Marc Savard in Blue Jackets zone.
7:26 of 2nd period - Snap shot by Justin Williams.
7:26 of 2nd period - Shot Blocked by Branislav Mezei.
7:28 of 2nd period - Slapshot by Jonathan Ericsson.
7:28 of 2nd period - Stopped by Miika Kiprusoff with a rebound.
7:48 of 2nd period - Snap shot by Marcus Nilson.
7:48 of 2nd period - Stopped by Mathieu Garon with a rebound.
7:50 of 2nd period - Slapshot by Kevin Bieksa.
7:50 of 2nd period - Shot Misses the Net.
7:52 of 2nd period - Slapshot by Kevin Bieksa.
7:52 of 2nd period - Stopped by Mathieu Garon with a rebound.
8:09 of 2nd period - Snap shot by Jason Ward.
8:09 of 2nd period - Stopped by Mathieu Garon with a rebound.
8:15 of 2nd period - Brad Stuart is hit by Martin St. Louis and loses puck.
9:34 of 2nd period - Slapshot by Chris Pronger.
9:34 of 2nd period - Stopped by Miika Kiprusoff with a rebound.
9:36 of 2nd period - Minor Penalty to Kevin Bieksa for Elbowing.
9:37 of 2nd period - Marc Savard wins face-off versus Sydney Crosby in Blue Jackets zone.
10:02 of 2nd period - Michael Ryder is hit by Greg De Vries and loses puck.
10:09 of 2nd period - Snap shot by Jan Bulis.
10:09 of 2nd period - Stopped by Mathieu Garon with a rebound.
10:11 of 2nd period - Wrist shot by Jan Bulis.
10:11 of 2nd period - Stopped by Mathieu Garon with a rebound.
10:13 of 2nd period - Snap shot by Pavel Bure.
10:13 of 2nd period - Shot Misses the Net.
10:45 of 2nd period - Slapshot by Derek Morris.
10:45 of 2nd period - Deflect By Michael Ryder.
10:45 of 2nd period - Stopped by Mathieu Garon without a rebound.
10:46 of 2nd period - Olli Jokinen wins face-off versus Jan Bulis in Flyers zone.
11:36 of 2nd period - Penalty to Kevin Bieksa is over, Kevin Bieksa is back on ice.
11:53 of 2nd period - Snap shot by Jason Ward.
11:53 of 2nd period - Shot Blocked by Chris Pronger.
12:14 of 2nd period - Slapshot by Kevin Bieksa.
12:14 of 2nd period - Stopped by Mathieu Garon without a rebound.
12:15 of 2nd period - Sydney Crosby wins face-off versus Jan Bulis in Flyers zone.
13:15 of 2nd period - Slapshot by Mark Giordano.
13:15 of 2nd period - Shot Blocked by Greg De Vries.
14:09 of 2nd period - Wrist shot by David Vyborny.
14:09 of 2nd period - Shot Blocked by Greg De Vries.
14:21 of 2nd period - Wrist shot by Jan Bulis.
14:21 of 2nd period - Shot Hit the Post.
14:23 of 2nd period - Snap shot by Jan Bulis.
14:23 of 2nd period - Shot Misses the Net.
14:25 of 2nd period - Slapshot by Pavel Bure.
14:25 of 2nd period - Shot Misses the Net.
14:27 of 2nd period - Snap shot by Jan Bulis.
14:27 of 2nd period - Stopped by Mathieu Garon with a rebound.
14:29 of 2nd period - Backhand shot by Marcus Nilson.
14:29 of 2nd period - Shot Misses the Net.
14:55 of 2nd period - Snap shot by Mike Lundin.
14:55 of 2nd period - Shot Misses the Net.
15:27 of 2nd period - Backhand shot by Blair Betts.
15:27 of 2nd period - Shot Misses the Net.
15:34 of 2nd period - Off-side.
15:35 of 2nd period - Marc Savard wins face-off versus Sydney Crosby in neutral zone.
16:09 of 2nd period - Snap shot by Alex Tanguay.
16:09 of 2nd period - Goal by Alex Tanguay - Blue Jackets : 1 - Flyers : 4.
16:10 of 2nd period - Chris Kelly wins face-off versus Olli Jokinen in neutral zone.
16:44 of 2nd period - Icing by Branislav Mezei.
16:45 of 2nd period - Chris Kelly wins face-off versus Sydney Crosby in Blue Jackets zone.
16:45 of 2nd period - Chris Kelly is hit by Martin St. Louis.
16:54 of 2nd period - Jonathan Ericsson is hit by Jason Ward and loses puck.
17:01 of 2nd period - Slapshot by Kevin Bieksa.
17:01 of 2nd period - Deflect By Martin St. Louis.
17:01 of 2nd period - Stopped by Mathieu Garon with a rebound.
17:03 of 2nd period - Snap shot by Chris Kelly.
17:03 of 2nd period - Stopped by Mathieu Garon with a rebound.
17:07 of 2nd period - Wrist shot by Bates Battaglia.
17:07 of 2nd period - Shot Misses the Net.
17:09 of 2nd period - Slapshot by Kevin Bieksa.
17:09 of 2nd period - Shot Misses the Net.
17:33 of 2nd period - Wrist shot by Chris Kelly.
17:33 of 2nd period - Shot Misses the Net.
17:35 of 2nd period - Slapshot by Kevin Bieksa.
17:35 of 2nd period - Shot Blocked by Chris Pronger.
17:37 of 2nd period - Slapshot by Kevin Bieksa.
17:37 of 2nd period - Stopped by Mathieu Garon without a rebound.
17:38 of 2nd period - Olli Jokinen wins face-off versus David Booth in Flyers zone.
17:48 of 2nd period - Snap shot by Michael Ryder.
17:48 of 2nd period - Stopped by Miika Kiprusoff without a rebound.
17:49 of 2nd period - David Booth wins face-off versus Michael Ryder in Blue Jackets zone.
17:49 of 2nd period - David Booth is hit by Cory Sarich.
18:16 of 2nd period - Jeff O'Neill is hit by Adam Deadmarsh and loses puck.
18:25 of 2nd period - Jeff O'Neill is hit by Brad Stuart and loses puck.
18:38 of 2nd period - Slapshot by Jonathan Ericsson.
18:38 of 2nd period - Stopped by Miika Kiprusoff with a rebound.
18:40 of 2nd period - Snap shot by Martin St. Louis.
18:40 of 2nd period - Shot Blocked by Derek Morris.
18:42 of 2nd period - Snap shot by Sydney Crosby.
18:42 of 2nd period - Shot Misses the Net.
19:03 of 2nd period - Icing by Blair Betts.
19:04 of 2nd period - Olli Jokinen wins face-off versus Dave Steckel in Flyers zone.
19:14 of 2nd period - Branislav Mezei is hit by Ryane Clowe and loses puck.
19:54 of 2nd period - Marc Savard is hit by Jeff O'Neill and loses puck.
Goals for this period are 1 for Blue Jackets vs 2 for Flyers.
Shots for this period are 13 for Blue Jackets vs 11 for Flyers.
3rd period
0:01 of 3rd period - Sydney Crosby wins face-off versus Marc Savard in neutral zone.
0:28 of 3rd period - Icing by Olli Jokinen.
0:29 of 3rd period - Chris Kelly wins face-off versus Olli Jokinen in Flyers zone.
0:40 of 3rd period - Snap shot by Chris Kelly.
0:40 of 3rd period - Shot Misses the Net.
1:01 of 3rd period - Brad Stuart is hit by Jonathan Ericsson and loses puck.
1:06 of 3rd period - Snap shot by Michael Ryder.
1:06 of 3rd period - Stopped by Miika Kiprusoff with a rebound.
1:08 of 3rd period - Wrist shot by Olli Jokinen.
1:08 of 3rd period - Shot Blocked by Wade Redden.
1:10 of 3rd period - Slapshot by Jonathan Ericsson.
1:10 of 3rd period - Deflect By Michael Ryder.
1:10 of 3rd period - Shot Misses the Net.
1:10 of 3rd period - Puck is out of play.
1:11 of 3rd period - David Booth wins face-off versus Sydney Crosby in Blue Jackets zone.
1:21 of 3rd period - Off-side.
1:22 of 3rd period - Sydney Crosby wins face-off versus Marc Savard in neutral zone.
1:31 of 3rd period - Snap shot by Alex Tanguay.
1:31 of 3rd period - Stopped by Miika Kiprusoff without a rebound.
1:32 of 3rd period - Marc Savard wins face-off versus Sydney Crosby in Blue Jackets zone.
1:36 of 3rd period - Branislav Mezei beats up Sydney Crosby.
1:36 of 3rd period - Penalty to Sydney Crosby for Fighting.
1:36 of 3rd period - Penalty to Branislav Mezei for Fighting.
1:36 of 3rd period - Penalty to Sydney Crosby for instigated a fight.
1:36 of 3rd period - Penalty to Sydney Crosby for instigated a fight.
1:37 of 3rd period - Pavel Bure wins face-off versus Blair Betts in Flyers zone.
1:42 of 3rd period - Snap shot by David Booth.
1:42 of 3rd period - Shot Blocked by Blair Betts.
1:44 of 3rd period - Slapshot by Marc Savard.
1:44 of 3rd period - Shot Misses the Net.
1:46 of 3rd period - Slapshot by Pavel Bure.
1:46 of 3rd period - Deflect By Marc Savard.
1:46 of 3rd period - Goal by Marc Savard - Blue Jackets : 2 - Flyers : 4.
1:47 of 3rd period - Olli Jokinen wins face-off versus Marc Savard in neutral zone.
3:39 of 3rd period - Justin Williams is hit by David Booth.
4:33 of 3rd period - Icing by Martin St. Louis.
4:34 of 3rd period - Blair Betts wins face-off versus Jan Bulis in Flyers zone.
4:46 of 3rd period - Icing by Kevin Bieksa.
4:47 of 3rd period - Pavel Bure wins face-off versus Olli Jokinen in Blue Jackets zone.
4:55 of 3rd period - Off-side.
4:56 of 3rd period - Marc Savard wins face-off versus Olli Jokinen in neutral zone.
5:02 of 3rd period - Icing by Cory Sarich.
5:03 of 3rd period - Olli Jokinen wins face-off versus Marc Savard in Flyers zone.
5:08 of 3rd period - Slapshot by Cory Sarich.
5:08 of 3rd period - Shot Blocked by Blake Wheeler.
5:10 of 3rd period - Slapshot by Scott Hannan.
5:10 of 3rd period - Shot Blocked by David Booth.
5:26 of 3rd period - Wade Redden is hit by Alex Tanguay and loses puck.
5:31 of 3rd period - Wrist shot by Alex Tanguay.
5:31 of 3rd period - Goal by Alex Tanguay - Blue Jackets : 2 - Flyers : 5.
5:32 of 3rd period - Marc Savard wins face-off versus Olli Jokinen in neutral zone.
5:44 of 3rd period - Icing by Chris Pronger.
5:45 of 3rd period - Alex Tanguay wins face-off versus Marc Savard in Flyers zone.
5:53 of 3rd period - Off-side.
5:54 of 3rd period - Olli Jokinen wins face-off versus Marc Savard in neutral zone.
6:31 of 3rd period - Slapshot by Jan Bulis.
6:31 of 3rd period - Stopped by Mathieu Garon without a rebound.
6:32 of 3rd period - Olli Jokinen wins face-off versus Jan Bulis in Flyers zone.
7:11 of 3rd period - Wrist shot by Jan Bulis.
7:11 of 3rd period - Deflect By Pavel Bure.
7:11 of 3rd period - Stopped by Mathieu Garon with a rebound.
7:33 of 3rd period - Wrist shot by Pavel Bure.
7:33 of 3rd period - Stopped by Mathieu Garon with a rebound.
7:35 of 3rd period - Slapshot by Derek Morris.
7:35 of 3rd period - Stopped by Mathieu Garon with a rebound.
7:37 of 3rd period - Snap shot by Pavel Bure.
7:37 of 3rd period - Stopped by Mathieu Garon with a rebound.
7:39 of 3rd period - Snap shot by Derek Morris.
7:39 of 3rd period - Shot Blocked by Cory Sarich.
7:41 of 3rd period - Wrist shot by Pavel Bure.
7:41 of 3rd period - Stopped by Mathieu Garon with a rebound.
7:45 of 3rd period - Snap shot by Jan Bulis.
7:45 of 3rd period - Shot Blocked by Justin Williams.
7:47 of 3rd period - Snap shot by Marcus Nilson.
7:47 of 3rd period - Stopped by Mathieu Garon without a rebound.
7:48 of 3rd period - David Booth wins face-off versus Olli Jokinen in Flyers zone.
8:01 of 3rd period - Snap shot by Alex Tanguay.
8:01 of 3rd period - Stopped by Miika Kiprusoff with a rebound.
8:03 of 3rd period - Slapshot by Jonathan Ericsson.
8:03 of 3rd period - Stopped by Miika Kiprusoff without a rebound.
8:04 of 3rd period - Chris Kelly wins face-off versus Olli Jokinen in Blue Jackets zone.
8:04 of 3rd period - Chris Kelly is hit by Olli Jokinen.
8:26 of 3rd period - Bates Battaglia is hit by Michael Ryder and loses puck.
8:33 of 3rd period - Slapshot by Kevin Bieksa.
8:33 of 3rd period - Stopped by Mathieu Garon without a rebound.
8:34 of 3rd period - Blair Betts wins face-off versus Marc Savard in Flyers zone.
9:19 of 3rd period - Olli Jokinen is hit by Jan Bulis and loses puck.
10:10 of 3rd period - Wrist shot by Scottie Upshall.
10:10 of 3rd period - Goal by Scottie Upshall - Blue Jackets : 2 - Flyers : 6.
10:11 of 3rd period - Marc Savard wins face-off versus Alex Tanguay in neutral zone.
10:13 of 3rd period - Olli Jokinen beats up Wade Redden.
10:13 of 3rd period - Penalty to Olli Jokinen for Fighting.
10:13 of 3rd period - Penalty to Wade Redden for Fighting.
10:14 of 3rd period - Blair Betts wins face-off versus Marc Savard in neutral zone.
10:32 of 3rd period - Major / Game Misconduct Penalty to Chris Pronger for Unsportsmanlike conduct.
10:32 of 3rd period - Chris Pronger is ejected from game.
10:33 of 3rd period - Blair Betts wins face-off versus Marc Savard in Flyers zone.
10:45 of 3rd period - Snap shot by Pavel Bure.
10:45 of 3rd period - Stopped by Mathieu Garon with a rebound.
10:47 of 3rd period - Wrist shot by Marc Savard.
10:47 of 3rd period - Shot Misses the Net.
10:49 of 3rd period - Wrist shot by Kevin Bieksa.
10:49 of 3rd period - Shot Misses the Net.
11:36 of 3rd period - 10 Minutes Game Misconduct Penalty to Sydney Crosby is over.
12:53 of 3rd period - Alex Tanguay is hit by Dave Steckel and loses puck.
14:44 of 3rd period - Jeff O'Neill is hit by Blake Wheeler and loses puck.
14:55 of 3rd period - David Vyborny is hit by Jan Bulis and loses puck.
15:13 of 3rd period - Penalty to Olli Jokinen is over, Olli Jokinen is back on ice.
15:32 of 3rd period - Penalty to Chris Pronger is over, Justin Williams is send on ice.
15:55 of 3rd period - Minor Penalty to Dave Steckel for Tripping.
15:56 of 3rd period - Marc Savard wins face-off versus Sydney Crosby in Blue Jackets zone.
16:07 of 3rd period - Blake Wheeler is hit by Martin St. Louis and loses puck.
17:55 of 3rd period - Penalty to Dave Steckel is over, Dave Steckel is back on ice.
19:12 of 3rd period - Wrist shot by Jason Ward.
19:12 of 3rd period - Stopped by Mathieu Garon with a rebound.
Goals for this period are 1 for Blue Jackets vs 2 for Flyers.
Shots for this period are 11 for Blue Jackets vs 6 for Flyers.
Output by the SimonT Hockey Simulator (STHS) for François Prévost -- Original Page W3C XHTML 1.0 Valid